TOP OF THE 1ST |
Eau Claire Esquires batting - Pitching for Saskatoon Smokin' Guns : RHP John Gill
|
Pitching: RHP John Gill
|
|
Batting: LHB Matt Taylor
|
0-0: Ball 1-0: Ball 2-0: Ball 3-0: Base on Balls
|
Batting: RHB Claudio Rodríguez
|
0-0: Called Strike 0-1: Ball 1-1: Foul Ball, location: 2F 1-2: Strikes out looking
|
Batting: LHB Will Rhodes
|
0-0: Called Strike 0-1: Swinging Strike 0-2: Ball 1-2: Ball 2-2: Ball 3-2: Strikes out swinging
|
Batting: LHB Steve Arnold
|
0-0: Ball 1-0: Fly out, F7 (Flyball, 78S)
|
Top of the 1st over - 0 runs, 0 hits, 0 errors, 1 left on base; Eau Claire 0 - Saskatoon 0 |
BOTTOM OF THE 1ST |
Saskatoon Smokin' Guns batting - Pitching for Eau Claire Esquires : RHP Todd Bevins
|
Pitching: RHP Todd Bevins
|
|
Batting: LHB Rubén Salazar
|
0-0: Ball 1-0: Ball 2-0: Called Strike 2-1: Ball 3-1: Called Strike 3-2: Ground out U3 (Groundball, 34)
|
Batting: LHB Jim Hall
|
0-0: Ball 1-0: Foul Ball, location: 2F 1-1: Ball 2-1: Ball 3-1: Base on Balls
|
Batting: RHB Juan Alvarado
|
0-0: Called Strike Jim Hall steals 2nd base 0-1: Ball 1-1: Ball 2-1: Foul Ball, location: 2F 2-2: Strikes out swinging
|
Batting: RHB Lyle Johnston
|
0-0: Foul Ball, location: 2F 0-1: SINGLE (Line Drive, 8LS) Jim Hall to third Runner from 3rd tries for Home, SAFE, throw made home Lyle Johnston to second
|
Batting: RHB Juan Cardenas
|
0-0: Called Strike 0-1: Ball 1-1: Foul Ball, location: 2F 1-2: Foul Ball, location: 2F 1-2: Ball 2-2: Ball 3-2: Base on Balls
|
Batting: RHB Mike Ratzlaff
|
0-0: Ball 1-0: Called Strike 1-1: Foul Ball, location: 2F 1-2: Ball 2-2: Ball 3-2: Base on Balls Lyle Johnston to third Juan Cardenas to second
|
Batting: RHB Artie Turner
|
0-0: Ball 1-0: Ball 2-0: Called Strike 2-1: Called Strike 2-2: Foul Ball, location: 2F 2-2: Strikes out looking
|
Bottom of the 1st over - 1 run, 1 hit, 0 errors, 3 left on base; Eau Claire 0 - Saskatoon 1 |
TOP OF THE 2ND |
Eau Claire Esquires batting - Pitching for Saskatoon Smokin' Guns : RHP John Gill
|
Batting: RHB Julián Ramírez
|
0-0: Foul Ball, location: 2F 0-1: Foul Ball, location: 2F 0-2: Fly out, F8 (Flyball, 89D)
|
Batting: LHB Johnny Foley
|
0-0: SINGLE (Groundball, 6S) (infield hit)
|
Batting: RHB Tom McBride
|
0-0: Ball 1-0: Called Strike 1-1: Foul Ball, location: 2F 1-2: Foul Ball, location: 2F 1-2: SINGLE (Line Drive, 34) Johnny Foley to second Runner from 2nd tries for 3rd, SAFE, throw made to third
|
Batting: RHB Shawn López
|
0-0: Ball 1-0: Grounds into double play, 4-6-3 (Groundball, 4)
|
Top of the 2nd over - 0 runs, 2 hits, 0 errors, 1 left on base; Eau Claire 0 - Saskatoon 1 |
BOTTOM OF THE 2ND |
Saskatoon Smokin' Guns batting - Pitching for Eau Claire Esquires : RHP Todd Bevins
|
Batting: SHB Mathew Olson
|
0-0: Ball 1-0: Ball 2-0: Ball 3-0: Called Strike 3-1: Foul Ball, location: 2F 3-2: Base on Balls
|
Batting: RHB Júlio Durán
|
0-0: Ball 1-0: Hit by Pitch Mathew Olson to second
|
Batting: LHB Rubén Salazar
|
0-0: Foul Ball, location: 2F 0-1: Called Strike 0-2: Ball 1-2: Ball 2-2: Ball 3-2: Base on Balls Mathew Olson to third Júlio Durán to second
|
Batting: LHB Jim Hall
|
0-0: Foul Ball, location: 2F 0-1: Foul Ball, location: 2F 0-2: Foul Ball, location: 2F 0-2: Strikes out swinging
|
Batting: RHB Juan Alvarado
|
0-0: Ball 1-0: Foul Ball, location: 2F 1-1: Called Strike 1-2: Foul Ball, location: 2F 1-2: Strikes out swinging
|
Batting: RHB Lyle Johnston
|
0-0: Ball 1-0: Ball 2-0: Ball 3-0: Base on Balls Mathew Olson scores Júlio Durán to third Rubén Salazar to second
|
Batting: RHB Juan Cardenas
|
0-0: Ball 1-0: Called Strike 1-1: Ball 2-1: Ball 3-1: Base on Balls Júlio Durán scores Rubén Salazar to third Lyle Johnston to second
|
Batting: RHB Mike Ratzlaff
|
0-0: Fielders Choice at 2nd, 6-4 (Groundball, 6)
|
Bottom of the 2nd over - 2 runs, 0 hits, 0 errors, 3 left on base; Eau Claire 0 - Saskatoon 3 |
TOP OF THE 3RD |
Eau Claire Esquires batting - Pitching for Saskatoon Smokin' Guns : RHP John Gill
|
Batting: RHB Tomás Rivera
|
0-0: Ball 1-0: Ground out 6-3 (Groundball, 6)
|
Batting: LHB Matt Taylor
|
0-0: Ball 1-0: Swinging Strike 1-1: Ball 2-1: Ground out 6-3 (Groundball, 6M)
|
Batting: RHB Claudio Rodríguez
|
0-0: Called Strike 0-1: Foul Ball, location: 2F 0-2: Strikes out looking
|
Top of the 3rd over - 0 runs, 0 hits, 0 errors, 0 left on base; Eau Claire 0 - Saskatoon 3 |
BOTTOM OF THE 3RD |
Saskatoon Smokin' Guns batting - Pitching for Eau Claire Esquires : RHP Todd Bevins
|
Batting: RHB Artie Turner
|
0-0: Called Strike 0-1: Foul Ball, location: 2F 0-2: Foul Ball, location: 2F 0-2: Ground out 6-3 (Groundball, 56)
|
Batting: SHB Mathew Olson
|
0-0: Ball 1-0: Called Strike 1-1: Foul Ball, location: 2F 1-2: Ball 2-2: Ground out 2-3 (Groundball, 15S)
|
Batting: RHB Júlio Durán
|
0-0: Ball 1-0: Ball 2-0: Called Strike 2-1: Swinging Strike 2-2: Foul Ball, location: 2F 2-2: Ball 3-2: Base on Balls
|
Batting: LHB Rubén Salazar
|
0-0: Ball Júlio Durán is caught stealing 2nd base
|
Bottom of the 3rd over - 0 runs, 0 hits, 0 errors, 0 left on base; Eau Claire 0 - Saskatoon 3 |
TOP OF THE 4TH |
Eau Claire Esquires batting - Pitching for Saskatoon Smokin' Guns : RHP John Gill
|
Batting: LHB Will Rhodes
|
0-0: Ball 1-0: Ball 2-0: Called Strike 2-1: Ball 3-1: Ground out 6-3 (Groundball, 56)
|
Batting: LHB Steve Arnold
|
0-0: Foul Ball, location: 2F 0-1: Swinging Strike 0-2: Ball 1-2: Foul Ball, location: 2F 1-2: Ball 2-2: SINGLE (Line Drive, 9S)
|
Batting: RHB Julián Ramírez
|
0-0: Fly out, F4 (Line Drive, 4M)
|
Batting: LHB Johnny Foley
|
0-0: Ball 1-0: Ball 2-0: Called Strike 2-1: Foul Ball, location: 2F 2-2: Ball 3-2: Foul Ball, location: 2F 3-2: Foul Ball, location: 2F 3-2: Base on Balls Steve Arnold to second
|
Batting: RHB Tom McBride
|
0-0: Called Strike 0-1: 3-RUN HOME RUN (Flyball, 7D), Distance : 440 ft
|
Batting: RHB Shawn López
|
0-0: Ball 1-0: Called Strike 1-1: Ball 2-1: Ball 3-1: Swinging Strike 3-2: Strikes out swinging
|
Top of the 4th over - 3 runs, 2 hits, 0 errors, 0 left on base; Eau Claire 3 - Saskatoon 3 |
BOTTOM OF THE 4TH |
Saskatoon Smokin' Guns batting - Pitching for Eau Claire Esquires : RHP Todd Bevins
|
Pitching: RHP Ben Stewart
|
|
Batting: LHB Rubén Salazar
|
0-0: Ground out 4-3 (Groundball, 4)
|
Batting: LHB Jim Hall
|
0-0: Ball 1-0: SINGLE (Flyball, 8RS)
|
Batting: RHB Juan Alvarado
|
0-0: Called Strike 0-1: Ball 1-1: Ball 2-1: Ball 3-1: Base on Balls Jim Hall to second
|
Batting: RHB Lyle Johnston
|
0-0: Ball 1-0: Foul Ball, location: 2F 1-1: Fly out, F4 (Flyball, 34D)
|
Batting: RHB Juan Cardenas
|
0-0: Foul Ball, location: 2F 0-1: Ball 1-1: Foul Ball, location: 2F 1-2: Hit by Pitch Jim Hall to third Juan Alvarado to second
|
Batting: RHB Mike Ratzlaff
|
0-0: Ball 1-0: Foul Ball, location: 2F 1-1: Ball 2-1: Ball 3-1: Base on Balls Jim Hall scores Juan Alvarado to third Juan Cardenas to second
|
Batting: RHB Artie Turner
|
0-0: Called Strike 0-1: Ball 1-1: SINGLE (Groundball, 56D) Juan Alvarado scores Juan Cardenas to third Mike Ratzlaff to second Runner from 3rd tries for Home, SAFE, no throw
|
Pitching: LHP Raúl Rivas
|
|
Batting: SHB Mathew Olson
|
0-0: Foul Ball, location: 2F 0-1: Foul Ball, location: 2F 0-2: 3-RUN HOME RUN (Flyball, 7LD), Distance : 413 ft
|
Batting: RHB Júlio Durán
|
0-0: Swinging Strike 0-1: Foul Ball, location: 2F 0-2: Ball 1-2: Ball 2-2: Ball 3-2: Strikes out looking
|
Bottom of the 4th over - 6 runs, 3 hits, 0 errors, 0 left on base; Eau Claire 3 - Saskatoon 9 |
TOP OF THE 5TH |
Eau Claire Esquires batting - Pitching for Saskatoon Smokin' Guns : RHP John Gill
|
Batting: RHB Tomás Rivera
|
0-0: Ball 1-0: Ball 2-0: Called Strike 2-1: Foul Ball, location: 2F 2-2: Ball 3-2: Foul Ball, location: 2F 3-2: Foul Ball, location: 2F 3-2: Base on Balls
|
Batting: LHB Matt Taylor
|
0-0: Ball 1-0: Called Strike 1-1: SINGLE (Line Drive, 4MD) Tomás Rivera to second Runner from 2nd tries for 3rd, SAFE, no throw
|
Batting: RHB Claudio Rodríguez
|
0-0: SINGLE (Line Drive, 78S) Tomás Rivera scores Matt Taylor to second
|
Batting: LHB Will Rhodes
|
0-0: Reached on error, E5 (Groundball, 56) Matt Taylor to third Claudio Rodríguez to second
|
Batting: LHB Steve Arnold
|
0-0: Ball 1-0: Foul Ball, location: 2F 1-1: Swinging Strike 1-2: Ball 2-2: Strikes out looking
|
Pitching: RHP Jorge Valentín
|
|
Batting: RHB Julián Ramírez
|
0-0: Ball 1-0: Ball 2-0: Swinging Strike 2-1: Ball 3-1: Called Strike 3-2: Grounds into double play, 6-4-3 (Groundball, 6)
|
Top of the 5th over - 1 run, 2 hits, 1 error, 2 left on base; Eau Claire 4 - Saskatoon 9 |
BOTTOM OF THE 5TH |
Saskatoon Smokin' Guns batting - Pitching for Eau Claire Esquires : LHP Raúl Rivas
|
Batting: LHB Rubén Salazar
|
0-0: Ball 1-0: Foul Ball, location: 2F 1-1: Ball 2-1: Ball 3-1: Base on Balls
|
Batting: LHB Jim Hall
|
0-0: Swinging Strike 0-1: Ball 1-1: Ball Rubén Salazar steals 2nd base 2-1: Foul Ball, location: 2F 2-2: Fly out, F4 (Popup, 4MD)
|
Batting: RHB Juan Alvarado
|
0-0: Fly out, F8 (Line Drive, 8RD)
|
Batting: RHB Lyle Johnston
|
0-0: Called Strike 0-1: Hit by Pitch
|
Batting: RHB Juan Cardenas
|
0-0: Called Strike 0-1: Foul Ball, location: 2F 0-2: Ball 1-2: Foul Ball, location: 2F 1-2: Foul Ball, location: 2F 1-2: Foul Ball, location: 2F 1-2: Foul Ball, location: 2F 1-2: Ball 2-2: Strikes out swinging
|
Bottom of the 5th over - 0 runs, 0 hits, 0 errors, 2 left on base; Eau Claire 4 - Saskatoon 9 |
TOP OF THE 6TH |
Eau Claire Esquires batting - Pitching for Saskatoon Smokin' Guns : RHP Jorge Valentín
|
Batting: LHB Johnny Foley
|
0-0: Ball 1-0: Foul Ball, location: 2F 1-1: Ground out 4-3 (Groundball, 34D)
|
Batting: RHB Tom McBride
|
0-0: Ball 1-0: Ball 2-0: Swinging Strike 2-1: Foul Ball, location: 2F 2-2: Foul Ball, location: 2F 2-2: Foul Ball, location: 2F 2-2: Fly out, F7 (Flyball, 7)
|
Batting: RHB Shawn López
|
0-0: Swinging Strike 0-1: Ball 1-1: Ball 2-1: SINGLE (Groundball, 4MD)
|
Batting: RHB Tomás Rivera
|
0-0: SINGLE (Line Drive, 56) Shawn López to second
|
Batting: LHB Matt Taylor
|
0-0: Called Strike 0-1: Ball 1-1: Called Strike 1-2: Ball 2-2: Foul Ball, location: 2F 2-2: Foul Ball, location: 2F 2-2: Foul Ball, location: 2F 2-2: Ball 3-2: Strikes out swinging
|
Top of the 6th over - 0 runs, 2 hits, 0 errors, 2 left on base; Eau Claire 4 - Saskatoon 9 |
BOTTOM OF THE 6TH |
Saskatoon Smokin' Guns batting - Pitching for Eau Claire Esquires : LHP Raúl Rivas
|
Batting: RHB Mike Ratzlaff
|
0-0: Called Strike 0-1: Swinging Strike 0-2: Ball 1-2: Strikes out swinging
|
Batting: RHB Artie Turner
|
0-0: Ball 1-0: Called Strike 1-1: Ground out 6-3 (Groundball, 6M)
|
Batting: SHB Mathew Olson
|
0-0: Ball 1-0: Called Strike 1-1: Ball 2-1: Ball 3-1: Swinging Strike 3-2: Ground out 6-3 (Groundball, 6)
|
Bottom of the 6th over - 0 runs, 0 hits, 0 errors, 0 left on base; Eau Claire 4 - Saskatoon 9 |
TOP OF THE 7TH |
Eau Claire Esquires batting - Pitching for Saskatoon Smokin' Guns : RHP Jorge Valentín
|
Batting: RHB Claudio Rodríguez
|
0-0: Ball 1-0: Foul Ball, location: 2F 1-1: Swinging Strike 1-2: Strikes out swinging
|
Batting: LHB Will Rhodes
|
0-0: Called Strike 0-1: DOUBLE (Flyball, 89D)
|
Batting: LHB Steve Arnold
|
0-0: Ball 1-0: Ball 2-0: Ball 3-0: Called Strike 3-1: Foul Ball, location: 2F 3-2: Base on Balls
|
Batting: RHB Julián Ramírez
|
0-0: Ball 1-0: Grounds into double play, 6-4-3 (Groundball, 6)
|
Top of the 7th over - 0 runs, 1 hit, 0 errors, 1 left on base; Eau Claire 4 - Saskatoon 9 |
BOTTOM OF THE 7TH |
Saskatoon Smokin' Guns batting - Pitching for Eau Claire Esquires : LHP Raúl Rivas
|
Batting: RHB Júlio Durán
|
0-0: Called Strike 0-1: Fly out, F4 (Popup, 4MD)
|
Batting: LHB Rubén Salazar
|
0-0: Ball 1-0: Called Strike 1-1: Fly out, F3 (Popup, 3SF)
|
Batting: LHB Jim Hall
|
0-0: Called Strike 0-1: Fly out, F7 (Flyball, 7S)
|
Bottom of the 7th over - 0 runs, 0 hits, 0 errors, 0 left on base; Eau Claire 4 - Saskatoon 9 |
TOP OF THE 8TH |
Eau Claire Esquires batting - Pitching for Saskatoon Smokin' Guns : RHP Jorge Valentín
|
Batting: LHB Johnny Foley
|
0-0: Swinging Strike 0-1: Swinging Strike 0-2: Ball 1-2: Foul Ball, location: 2F 1-2: Strikes out swinging
|
Batting: RHB Tom McBride
|
0-0: Called Strike 0-1: Ground out 5-3 (Groundball, 56)
|
Batting: RHB Shawn López
|
0-0: Ball 1-0: Ground out 4-3 (Groundball, 4M)
|
Top of the 8th over - 0 runs, 0 hits, 0 errors, 0 left on base; Eau Claire 4 - Saskatoon 9 |
BOTTOM OF THE 8TH |
Saskatoon Smokin' Guns batting - Pitching for Eau Claire Esquires : LHP Raúl Rivas
|
Pitching: RHP Eugene Johnston
|
|
Batting: RHB Juan Alvarado
|
0-0: Swinging Strike 0-1: Ground out 6-3 (Groundball, 6)
|
Batting: RHB Lyle Johnston
|
0-0: Foul Ball, location: 2F 0-1: Called Strike 0-2: Fly out, F9 (Flyball, 9D)
|
Batting: RHB Juan Cardenas
|
0-0: Fly out, F8 (Flyball, 78D)
|
Bottom of the 8th over - 0 runs, 0 hits, 0 errors, 0 left on base; Eau Claire 4 - Saskatoon 9 |
TOP OF THE 9TH |
Eau Claire Esquires batting - Pitching for Saskatoon Smokin' Guns : RHP Jorge Valentín
|
Batting: RHB Tomás Rivera
|
0-0: Called Strike 0-1: Ball 1-1: Ball 2-1: Foul Ball, location: 2F 2-2: Hit by Pitch
|
Batting: LHB Matt Taylor
|
0-0: SINGLE (Line Drive, 6M) Tomás Rivera to second
|
Batting: RHB Claudio Rodríguez
|
0-0: Ball 1-0: Called Strike 1-1: Ball 2-1: Called Strike 2-2: Ball 3-2: Base on Balls Tomás Rivera to third Matt Taylor to second
|
Pitching: RHP José Gabriel
|
|
Batting: LHB Will Rhodes
|
0-0: Foul Ball, location: 2F 0-1: Ball 1-1: Ball 2-1: Ball 3-1: Fly out, F3 (Popup, 34S)
|
Batting: LHB Steve Arnold
|
0-0: Ball 1-0: Called Strike 1-1: Ball 2-1: Swinging Strike 2-2: Strikes out swinging
|
Batting: RHB Julián Ramírez
|
0-0: Fly out, F7 (Flyball, 7)
|
Top of the 9th over - 0 runs, 1 hit, 0 errors, 3 left on base; Eau Claire 4 - Saskatoon 9 |
|